AoeStats
← Liv carlosa

Arabia

503179357Analyzed
1v1 RM · 11d ago on Aug 30, 2026· 38m 29s· 2 players
Game mode
Random Map
Map size
Tiny (2 player)
Population
200
Speed
Normal
Resources
Standard
Victory
Conquest
Starting age
Dark Age
Ending age
Imperial Age
RankedLock teamsTeams togetherTeam positionsShared explorationLock speedFull tech treeHidden civsTurbo modeCheats
Victory
Defeat
🇲🇽 Wei · Mexico
939
+17
🇬🇧 Teutons · United Kingdom
955
-17
Liv carlosa
6:51 Loom
6:57 Loom
7:19 Loom
10:27 Feudal Age
10:52 Double-Bit Axe
12:04 Gold Mining
21:09 Castle Age
19:43 Scale Barding Armor
19:48 Forging
20:56 Bloodlines
21:46 Forging
22:24 Wheelbarrow
22:27 Gold Shaft Mining
22:17 Bow Saw
21:51 Horse Collar
23:29 Chain Barding Armor
24:59 Iron Casting
24:29 Husbandry
24:56 Heavy Plow
28:30 Hand Cart
30:24 Stone Mining
Matthew McLean
8:11 Loom
10:11 Feudal Age
11:56 Double-Bit Axe
11:52 Horse Collar
20:01 Castle Age
18:50 Bloodlines
18:53 Scale Barding Armor
23:31 Wheelbarrow
23:21 Heavy Plow
23:55 Forging
31:30 Imperial Age
30:06 Iron Casting
33:26 Blast Furnace
32:47 Chain Barding Armor
32:19 Cavalier
34:35 Paladin
Connection lost

Rejoining the realm…

Still unreachable

The connection could not be restored.

Session expired

The server has moved on; the page needs a fresh start.